HBL
SALT LAKE CITY BUZZ @ SAN ANTONIO MISSIONS
04/11/1997
 
TOP OF THE 1ST
Salt Lake City Buzz batting - Pitching for San Antonio Missions : RHP Rene Arocha
Pitching: RHP Rene Arocha
Batting: RHB Arquimedez Pozo 0-0: Called Strike
0-1: Ground out 3-1 (Groundball, 34, EV 83.8 MPH)
Batting: SHB Abraham O Nunez 0-0: Ball
1-0: Ground out 5-3 (Groundball, 5L, EV 80.6 MPH)
Batting: RHB Emil Brown 0-0: Fly out, F4 (Popup, 4D, EV 70.6 MPH)
Top of the 1st over - 0 runs, 0 hits, 0 errors, 0 left on base; Salt Lake City 0 - San Antonio 0
BOTTOM OF THE 1ST
San Antonio Missions batting - Pitching for Salt Lake City Buzz : RHP Mike Oquist
Pitching: RHP Mike Oquist
Batting: RHB Eric Owens 0-0: Called Strike
0-1: Foul Ball, location: 2F
0-2: Ball
1-2: Ball
2-2: Ball
3-2: Ground out 4-3 (Groundball, 34, EV 100.0 MPH)
Batting: SHB Bill Doran 0-0: Called Strike
0-1: Swinging Strike
0-2: Strikes out looking
Batting: RHB Damian Jackson 0-0: Ball
1-0: Ball
2-0: Called Strike
2-1: Foul Ball, location: 2F
2-2: Foul Ball, location: 2F
2-2: Ball
3-2: Foul Ball, location: 2F
3-2: Foul Ball, location: 2F
3-2: SINGLE (Groundball, 6D, EV 102.5 MPH)
Batting: RHB Orlando Miller 0-0: Called Strike
0-1: Ball
1-1: Ball
2-1: Called Strike
2-2: Ball
3-2: Foul Ball, location: 2F
3-2: Fly out, F8 (Flyball, 78D, EV 81.9 MPH)
Bottom of the 1st over - 0 runs, 1 hit, 0 errors, 1 left on base; Salt Lake City 0 - San Antonio 0
TOP OF THE 2ND
Salt Lake City Buzz batting - Pitching for San Antonio Missions : RHP Rene Arocha
Batting: RHB Dave Staton 0-0: Foul Ball, location: 2F
0-1: Fly out, F9 (Flyball, 9LS, EV 91.9 MPH)
Batting: RHB Brian Johnson 0-0: Ball
1-0: Ball
2-0: Ball
3-0: Ground out 6-3 (Groundball, 6, EV 86.3 MPH)
Batting: RHB Jose Oliva 0-0: Ball
1-0: Ball
2-0: Foul Ball, location: 2F
2-1: DOUBLE (Line Drive, 9LD, EV 111.9 MPH)
Batting: RHB Charlie Greene 0-0: Called Strike
0-1: Ball
1-1: Foul Ball, location: 2F
1-2: Ball
2-2: Ball
3-2: Ground out 5-3 (Groundball, 56, EV 96.3 MPH)
Top of the 2nd over - 0 runs, 1 hit, 0 errors, 1 left on base; Salt Lake City 0 - San Antonio 0
BOTTOM OF THE 2ND
San Antonio Missions batting - Pitching for Salt Lake City Buzz : RHP Mike Oquist
Batting: RHB David Green 0-0: Ball
1-0: Ground out 5-3 (Groundball, 56, EV 79.4 MPH)
Batting: RHB Kelly Stinnett 0-0: Swinging Strike
0-1: Ball
1-1: SINGLE (Flyball, 89S, EV 85.6 MPH)
Batting: LHB Brooks Kieschnick 0-0: Ball
1-0: Called Strike
1-1: Foul Ball, location: 2F
1-2: SINGLE (Groundball, 34S, EV 67.5 MPH) (infield hit)
Kelly Stinnett to second
Batting: RHB Mike Matheny 0-0: Ball
1-0: SINGLE (Groundball, 6, EV 81.9 MPH) (infield hit)
Kelly Stinnett to third
Brooks Kieschnick to second
Batting: SHB Alex Diaz 0-0: Swinging Strike
0-1: Ball
1-1: Foul Ball, location: 2F
1-2: Ball
2-2: Strikes out swinging
Batting: RHB Eric Owens 0-0: Ball
1-0: Foul Ball, location: 2F
1-1: Ball
2-1: Ball
3-1: Base on Balls
Kelly Stinnett scores
Brooks Kieschnick to third
Mike Matheny to second
Batting: SHB Bill Doran 0-0: Ball
1-0: Ball
2-0: Called Strike
2-1: Foul Ball, location: 2F
2-2: SINGLE (Groundball, 34D, EV 98.8 MPH)
Brooks Kieschnick scores
Mike Matheny to third
Eric Owens to second
Batting: RHB Damian Jackson 0-0: Ball
1-0: Fielders Choice at 2nd, 6-4 (Groundball, 6, EV 92.5 MPH)
Bottom of the 2nd over - 2 runs, 4 hits, 0 errors, 3 left on base; Salt Lake City 0 - San Antonio 2
TOP OF THE 3RD
Salt Lake City Buzz batting - Pitching for San Antonio Missions : RHP Rene Arocha
Batting: SHB Reggie B. Williams 0-0: Ball
1-0: Ball
2-0: Called Strike
2-1: Foul Ball, location: 2F
2-2: Fly out, F8 (Line Drive, 8RD, EV 96.9 MPH)
Batting: RHB Kimera Bartee 0-0: Ball
1-0: SINGLE (Groundball, 5, EV 98.1 MPH) (infield hit)
Batting: RHB Arquimedez Pozo 0-0: Foul Ball, location: 2F
0-1: Ball
1-1: Swinging Strike
1-2: Foul Ball, location: 2F
1-2: Ball
2-2: Strikes out swinging
Batting: SHB Abraham O Nunez 0-0: Fly out, F8 (Flyball, 78M, EV 94.4 MPH)
Top of the 3rd over - 0 runs, 1 hit, 0 errors, 1 left on base; Salt Lake City 0 - San Antonio 2
BOTTOM OF THE 3RD
San Antonio Missions batting - Pitching for Salt Lake City Buzz : RHP Mike Oquist
Batting: RHB Orlando Miller 0-0: Foul Ball, location: 2F
0-1: Swinging Strike
0-2: SINGLE (Groundball, 56D, EV 99.4 MPH)
Batting: RHB David Green 0-0: Called Strike
0-1: 2-RUN HOME RUN (Flyball, 78XD, EV 91.3 MPH), Distance : 408 ft
Batting: RHB Kelly Stinnett 0-0: Ball
1-0: Called Strike
1-1: Ground out 6-3 (Groundball, 6, EV 79.4 MPH)
Batting: LHB Brooks Kieschnick 0-0: Ball
1-0: Called Strike
1-1: Ground out 4-3 (Groundball, 4, EV 83.1 MPH)
Batting: RHB Mike Matheny 0-0: Called Strike
0-1: SINGLE (Line Drive, 56D, EV 94.4 MPH)
Batting: SHB Alex Diaz 0-0: Ball
1-0: Called Strike
1-1: Fielders Choice at 2nd, 5-4 (Groundball, 56, EV 85.6 MPH)
Bottom of the 3rd over - 2 runs, 3 hits, 0 errors, 1 left on base; Salt Lake City 0 - San Antonio 4
TOP OF THE 4TH
Salt Lake City Buzz batting - Pitching for San Antonio Missions : RHP Rene Arocha
Batting: RHB Emil Brown 0-0: Ball
1-0: Foul Ball, location: 2F
1-1: SINGLE (Line Drive, 56D, EV 95.6 MPH)
Batting: RHB Dave Staton 0-0: Ball
1-0: Ball
2-0: Called Strike
2-1: Grounds into double play, 6-4-3 (Groundball, 6, EV 85.0 MPH)
Batting: RHB Brian Johnson 0-0: Ball
1-0: Ground out 6-3 (Groundball, 6, EV 83.1 MPH)
Top of the 4th over - 0 runs, 1 hit, 0 errors, 0 left on base; Salt Lake City 0 - San Antonio 4
BOTTOM OF THE 4TH
San Antonio Missions batting - Pitching for Salt Lake City Buzz : RHP Mike Oquist
Batting: RHB Eric Owens 0-0: Ball
1-0: Ball
2-0: Fly out, F7 (Flyball, 7, EV 86.3 MPH)
Batting: SHB Bill Doran 0-0: Called Strike
0-1: Ball
1-1: DOUBLE (Flyball, 9LD, EV 110.0 MPH)
Batting: RHB Damian Jackson 0-0: Swinging Strike
0-1: Ball
1-1: Swinging Strike
1-2: Ball
2-2: Strikes out looking
Batting: RHB Orlando Miller 0-0: Called Strike
0-1: Foul Ball, location: 2F
0-2: Ball
1-2: Ball
2-2: Foul Ball, location: 2F
2-2: Ball
3-2: Strikes out swinging
Bottom of the 4th over - 0 runs, 1 hit, 0 errors, 1 left on base; Salt Lake City 0 - San Antonio 4
TOP OF THE 5TH
Salt Lake City Buzz batting - Pitching for San Antonio Missions : RHP Rene Arocha
Batting: RHB Jose Oliva 0-0: Called Strike
0-1: Foul Ball, location: 2F
0-2: Strikes out looking
Batting: RHB Charlie Greene 0-0: Ground out 5-3 (Groundball, 5, EV 88.8 MPH)
Batting: SHB Reggie B. Williams 0-0: Ground out U3 (Groundball, 3, EV 85.6 MPH)
Top of the 5th over - 0 runs, 0 hits, 0 errors, 0 left on base; Salt Lake City 0 - San Antonio 4
BOTTOM OF THE 5TH
San Antonio Missions batting - Pitching for Salt Lake City Buzz : RHP Mike Oquist
Pitching: RHP Tim Pugh
Batting: RHB David Green 0-0: Ball
1-0: SOLO HOME RUN (Flyball, 78XD, EV 110.6 MPH), Distance : 416 ft
Batting: RHB Kelly Stinnett 0-0: Ball
1-0: Called Strike
1-1: SINGLE (Line Drive, 9S, EV 104.4 MPH)
Batting: LHB Brooks Kieschnick 0-0: Called Strike
0-1: Foul Ball, location: 2F
0-2: Foul Ball, location: 2F
0-2: DOUBLE (Flyball, 89D, EV 94.4 MPH)
Kelly Stinnett to third
Batting: RHB Mike Matheny 0-0: Called Strike
0-1: Ball
1-1: Swinging Strike
1-2: Ball
2-2: SINGLE (Flyball, 9LS, EV 97.5 MPH)
Kelly Stinnett scores
Brooks Kieschnick to third
Batting: SHB Alex Diaz 0-0: Fielders Choice at 2nd, 4-6 (Groundball, 4D, EV 103.1 MPH)
Brooks Kieschnick scores
Batting: RHB Eric Owens 0-0: Called Strike
0-1: Ball
1-1: Ball
2-1: Called Strike
2-2: Strikes out swinging
Batting: SHB Bill Doran 0-0: Ball
1-0: Fielders Choice at 2nd, 6-4 (Groundball, 6, EV 96.9 MPH)
Bottom of the 5th over - 3 runs, 4 hits, 0 errors, 1 left on base; Salt Lake City 0 - San Antonio 7
TOP OF THE 6TH
Salt Lake City Buzz batting - Pitching for San Antonio Missions : RHP Rene Arocha
Batting: RHB Kimera Bartee 0-0: Called Strike
0-1: Ground out 1-3 (Groundball, 15, EV 91.9 MPH)
Batting: RHB Arquimedez Pozo 0-0: Swinging Strike
0-1: Ball
1-1: Ball
2-1: Ball
3-1: Base on Balls
Batting: SHB Abraham O Nunez 0-0: Called Strike
0-1: Ball
1-1: Foul Ball, location: 2F
1-2: Ball
2-2: Strikes out looking
Batting: RHB Emil Brown 0-0: Ball
1-0: Foul Ball, location: 2F
1-1: Swinging Strike
1-2: Fly out, F7 (Line Drive, 7, EV 96.9 MPH)
Top of the 6th over - 0 runs, 0 hits, 0 errors, 1 left on base; Salt Lake City 0 - San Antonio 7
BOTTOM OF THE 6TH
San Antonio Missions batting - Pitching for Salt Lake City Buzz : RHP Tim Pugh
Batting: RHB Damian Jackson 0-0: Ball
1-0: Foul Ball, location: 2F
1-1: Ball
2-1: Foul Ball, location: 2F
2-2: SINGLE (Groundball, 56D, EV 99.4 MPH)
Batting: RHB Orlando Miller 0-0: Fly out, F7 (Flyball, 7LM, EV 89.4 MPH)
Batting: RHB David Green 0-0: Ball
1-0: Ball
2-0: Ball
3-0: Foul Ball, location: 2F
3-1: Foul Ball, location: 2F
3-2: Strikes out looking
Batting: RHB Kelly Stinnett 0-0: Called Strike
Damian Jackson steals 2nd base
0-1: Foul Ball, location: 2F
0-2: Ball
1-2: Ball
2-2: Ball
3-2: Foul Ball, location: 2F
3-2: Foul Ball, location: 2F
3-2: Fly out, F8 (Flyball, 78D, EV 105.6 MPH)
Bottom of the 6th over - 0 runs, 1 hit, 0 errors, 1 left on base; Salt Lake City 0 - San Antonio 7
TOP OF THE 7TH
Salt Lake City Buzz batting - Pitching for San Antonio Missions : RHP Rene Arocha
Pinch Hitting: LHB Robin Jennings 0-0: Foul Ball, location: 2F
0-1: Ball
1-1: Fly out, F8 (Flyball, 78XD, EV 109.4 MPH)
Batting: RHB Brian Johnson 0-0: Called Strike
0-1: Ball
1-1: SINGLE (Groundball, 56D, EV 95.0 MPH)
Batting: RHB Jose Oliva 0-0: Ball
1-0: Fly out, F8 (Flyball, 89S, EV 78.1 MPH)
Batting: RHB Charlie Greene 0-0: Swinging Strike
0-1: SINGLE (Groundball, 6S, EV 85.6 MPH) (infield hit)
Brian Johnson to second
Batting: SHB Reggie B. Williams 0-0: Ball
1-0: Called Strike
1-1: Ball
2-1: Called Strike
2-2: Ball
3-2: Strikes out looking
Top of the 7th over - 0 runs, 2 hits, 0 errors, 2 left on base; Salt Lake City 0 - San Antonio 7
BOTTOM OF THE 7TH
San Antonio Missions batting - Pitching for Salt Lake City Buzz : RHP Tim Pugh
Now at 1B: Robin Jennings
Pinch Hitting: RHB Michael Coleman 0-0: Called Strike
0-1: Ball
1-1: Foul Ball, location: 2F
1-2: Ball
2-2: Foul Ball, location: 2F
2-2: Fly out, F6 (Popup, 6D, EV 71.9 MPH)
Batting: RHB Mike Matheny 0-0: SINGLE (Groundball, 34D, EV 102.5 MPH)
Batting: SHB Alex Diaz 0-0: Called Strike
0-1: Foul Ball, location: 2F
0-2: Fielders Choice at 2nd, 5-4 (Groundball, 56, EV 86.3 MPH)
Batting: RHB Eric Owens 0-0: Called Strike
0-1: Ball
1-1: Called Strike
1-2: Strikes out looking
Bottom of the 7th over - 0 runs, 1 hit, 0 errors, 1 left on base; Salt Lake City 0 - San Antonio 7
TOP OF THE 8TH
Salt Lake City Buzz batting - Pitching for San Antonio Missions : RHP Rene Arocha
Now at 3B: Scott Livingstone
Pinch Hitting: RHB Robert Perez 0-0: Called Strike
0-1: Called Strike
0-2: Foul Ball, location: 2F
0-2: Strikes out swinging
Batting: RHB Arquimedez Pozo 0-0: Called Strike
0-1: Ball
1-1: Fly out, F4 (Popup, 4D, EV 67.5 MPH)
Batting: SHB Abraham O Nunez 0-0: Foul Ball, location: 2F
0-1: Ball
1-1: Ball
2-1: Ball
3-1: Swinging Strike
3-2: Foul Ball, location: 2F
3-2: Strikes out looking
Top of the 8th over - 0 runs, 0 hits, 0 errors, 0 left on base; Salt Lake City 0 - San Antonio 7
BOTTOM OF THE 8TH
San Antonio Missions batting - Pitching for Salt Lake City Buzz : RHP Tim Pugh
Now in LF: Robert Perez
Batting: SHB Bill Doran 0-0: Called Strike
0-1: Ball
1-1: Ground out 6-3 (Groundball, 6, EV 103.1 MPH)
Batting: RHB Damian Jackson 0-0: Foul Ball, location: 2F
0-1: Fly out, F7 (Flyball, 7D, EV 109.4 MPH)
Pinch Hitting: RHB Luis Sojo 0-0: Called Strike
0-1: Called Strike
0-2: Fly out, F5 (Popup, 25F, EV 85.0 MPH)
Bottom of the 8th over - 0 runs, 0 hits, 0 errors, 0 left on base; Salt Lake City 0 - San Antonio 7
TOP OF THE 9TH
Salt Lake City Buzz batting - Pitching for San Antonio Missions : RHP Rene Arocha
Now at 2B: Luis Sojo
Batting: RHB Emil Brown 0-0: Swinging Strike
0-1: Ball
1-1: Called Strike
1-2: Strikes out swinging
Batting: LHB Robin Jennings 0-0: Ball
1-0: Called Strike
1-1: Swinging Strike
1-2: Strikes out looking
Batting: RHB Brian Johnson 0-0: Called Strike
0-1: Fly out, F8 (Flyball, 8RXD, EV 95.0 MPH)
Top of the 9th over - 0 runs, 0 hits, 0 errors, 0 left on base; Salt Lake City 0 - San Antonio 7
Monday, January 26th, 2026 - OOTP Baseball 20.8 Build 74